 Dungeon Crawl Stone Soup version 0.31-a0-618-g7ca08c1ff9 (webtiles) character file.

Game seed: 68822441719515298

4351 thirtiethelement the Sneak (level 10, -4/74 HPs)
             Began as a Demonspawn Cinder Acolyte on Aug 23, 2023.
             Was an Elder of Ignis.
             Slain by a two-headed ogre
             ... wielding a +0 giant club
              (23 damage)
             ... on level 8 of the Dungeon.
             The game lasted 00:23:21 (8621 turns).

thirtiethelement the Sneak (DsCA)                   Turns: 8621, Time: 00:23:21

Health: -4/74      AC:  6    Str: 14    XL:     10   Next: 12%
Magic:  8/19       EV: 16    Int: 18    God:    Ignis [****..]
Gold:   270        SH:  4    Dex: 11    Spells: 13/21 levels left

rFire   + + .        E - +2 dagger (distort)
rCold   . . .        (no shield)
rNeg    . . .        J - +0 leather armour {rF+}
rPois   .            (helmet restricted)
rElec   .            (no cloak)
rCorr   .            D - +0 pair of gloves
SInv    .            (no boots)
Will    .....        t - amulet of the acrobat
Stlth   +++          n - ring of wizardry
HPRegen 0.32/turn    r - +5 ring of evasion
MPRegen 0.16/turn

%: acrobat, wizardry (x1)
@: studying Staves
A: horns 1, rugged brown scales 2, condensation shield, demonic magic 2
a: Renounce Religion, Fiery Armour, Foxfire Swarm, Rising Flame


You were on level 8 of the Dungeon.
You worshipped Ignis.
Ignis was greatly pleased with you.
You visited 2 branches of the dungeon, and saw 9 of its levels.
You also visited: Ossuary.

You collected 570 gold pieces.
You spent 300 gold pieces at shops.

Inventory:

Hand Weapons
 E - a +2 dagger of distortion (weapon)
Missiles
 c - 8 boomerangs (quivered)
Armour
 e - an orb of mayhem
 l - an orb of guile
 D - a +0 pair of gloves (worn)
 J - a +0 leather armour of fire resistance (worn)
Jewellery
 a - a ring of protection from fire
 n - a ring of wizardry (left hand)
 r - a +5 ring of evasion (right hand)
 t - an amulet of the acrobat (around neck)
Wands
 F - a wand of charming (7)
 H - a wand of flame (19)
Scrolls
 h - 5 scrolls of teleportation
 p - a scroll of enchant armour
 w - 2 scrolls of revelation {unknown}
 x - 2 scrolls of blinking
 y - 2 scrolls of poison
 z - 4 scrolls of amnesia
 A - 4 scrolls of torment
 C - a scroll of enchant weapon
 G - 2 scrolls of noise {unknown}
 I - a scroll of identify
Potions
 b - a potion of cancellation {unknown}
 d - 4 potions of berserk rage
 f - 5 potions of mutation
 g - 5 potions of heal wounds
 i - 2 potions of magic {unknown}
 j - 5 potions of curing
 k - a potion of degeneration {unknown}
 m - 2 potions of haste {unknown}
 o - 2 potions of attraction
 s - a potion of lignification
 u - 4 potions of brilliance {unknown}
 v - a potion of enlightenment {unknown}
 B - a potion of might {unknown}


   Skills:
 + Level 3.8 Fighting
 * Level 5.2 Short Blades
 - Level 3.2 Axes
 + Level 3.0 Armour
 + Level 1.8 Dodging
 + Level 7.6 Stealth
 + Level 0.6 Shields
 + Level 6.0 Spellcasting
 + Level 7.0 Fire Magic


You had 13 spell levels left.
You knew the following spells:

 Your Spells              Type           Power      Damage    Failure   Level
a - Scorch                Fire           60%        2d7       1%          2
b - Call Imp              Summ           10%        N/A       9%          2
c - Magic Dart            Conj           20%        1d4       6%          1
d - Mephitic Cloud        Conj/Pois/Air  5%         N/A       17%         3

Your spell library contained the following spells:

 Spells                   Type           Power      Damage    Failure   Level
 Apportation              Tloc           10%        N/A       6%          1
 Shock                    Conj/Air       20%        1d4       6%          1
 Cigotuvi's Dreadful Rot  Necr/Pois/Air  10%        N/A       9%          2
 Swiftness                Air            5%         N/A       17%         3
 Airstrike                Air            2%         2d(1-17)  47%         4
 Anguish                  Hex/Necr       2%         N/A       47%         4
 Cause Fear               Hex            2%         N/A       47%         4
 Dispel Undead            Necr           5%         3d7       47%         4
 Olgreb's Toxic Radiance  Pois           5%         N/A       47%         4
 Alistair's Intoxication  Tmut/Pois      3%         N/A       82%         5
 Death Channel            Necr           2%         N/A       100%        6
 Enfeeble                 Hex            2%         N/A       100%        7
 Discord                  Hex            2%         N/A       100%        8
 Ignition                 Fire           15%        3d6       100%        8


Dungeon Overview and Level Annotations

Branches:
Dungeon (8/15)             Temple (1/1) D:6         Ossuary (visited)
   Lair: D:8-11

Altars:
Ashenzari
Cheibriados
Dithmenos
Fedhas
Gozag
Hepliaklqana
Kikubaaqudgha
Makhleb
Nemelex Xobeh
Okawaru
Qazlal
Ru
Sif Muna
Trog
Vehumet
Wu Jian
Xom
Yredelemnul

Shops:
D:3 !!   D:4 !


Innate Abilities, Weirdness & Mutations

You have a pair of small horns on your head.
You are mostly covered in rugged brown scales. (AC +2, +5% HP)
A meltable shield of frost defends you. (SH +4)
Spells you cast may paralyse nearby enemies.


Message History

Flames lash something.
Malevolent energies surge around you.
You hear two shouts!
Something hits you but does no damage.
Casting: Scorch (safe; 1% risk of failure)
Confirm with . or Enter, or press ? or * to list all spells.
Flames lash something.
Malevolent energies surge around you. Something hits you but does no damage.
Casting: Scorch (safe; 1% risk of failure)
Confirm with . or Enter, or press ? or * to list all spells.
Flames lash something.
Malevolent energies surge around you.
You hear a shout!
You hear some strange, mumbled words.
Casting: Scorch (safe; 1% risk of failure)
Confirm with . or Enter, or press ? or * to list all spells.
Flames lash the two-headed ogre.
The two-headed ogre is lightly wounded.
The two-headed ogre's fire resistance burns away.
Malevolent energies surge around you.
The two-headed ogre hits you with a +0 giant club.
The two-headed ogre hits you with a +0 giant club!
Casting: Scorch (safe; 1% risk of failure)
Confirm with . or Enter, or press ? or * to list all spells.
Flames lash the two-headed ogre.
The two-headed ogre is burned terribly!
The two-headed ogre is lightly wounded.
Malevolent energies surge around you.
Casting: Scorch (safe; 1% risk of failure)
Confirm with . or Enter, or press ? or * to list all spells.
Flames lash the two-headed ogre.
The two-headed ogre is burned terribly!
The two-headed ogre is moderately wounded.
Malevolent energies surge around you.
Casting: Scorch (safe; 1% risk of failure)
Confirm with . or Enter, or press ? or * to list all spells.
Flames lash the two-headed ogre.
The two-headed ogre is moderately wounded.
The two-headed ogre's fire resistance burns away.
Malevolent energies surge around you.
The two-headed ogre hits you with a +0 giant club!
The two-headed ogre hits you with a +0 giant club!!
* * * LOW HITPOINT WARNING * * *
The two-headed ogre hits you with a +0 giant club!!
You die...

.).##............................
#..###.......................)...
...###...........................
....###..........................
....# #..........................
....#####........................
......##..#......................
#........#####.OO................
#..####....##..#@................
..## #........##..########......
..# #..##...####.# #########...
..#####..###..# #.# #...########
...##....# #.O# ### #.8....## #
.........###..## ##....8...
...............######........8
...................OO........O
.............##....z..........


You could see 2 two-headed ogres.

Vanquished Creatures
  Pikel (D:5)
  Jeremiah (D:6)
  Prince Ribbit (D:5)
  Eustachio (D:5)
  Edmund (D:4)
  Duvessa (D:7)
  2 water moccasins
  An orc warrior (D:7)
  A sky beast (D:8)
  3 black bears
  An ogre (D:7)
  3 centaurs
  2 phantoms (D:7)
  An elf zombie (Ossuary)
  2 kobold brigands
  2 bullfrogs
  Blork the orc (D:5)
  A gnoll sergeant (D:7)
  3 scorpions
  Dowan (D:7)
  3 killer bees (D:8)
  2 human zombies (Ossuary)
  2 gnoll boudas
  3 hounds
  3 jellies (D:6)
  A sleepcap (D:6)
  5 orc priests
  5 iguanas
  6 orc wizards
  A hound zombie (Ossuary)
  4 mummies (Ossuary)
  Robin (D:3)
  14 gnolls
  9 adders
  2 adder zombies (Ossuary)
  7 worms
  A dart slug (D:1)
  12 orcs
  10 ball pythons
  2 bats
  8 endoplasms
  2 giant cockroaches
  2 gnoll zombies (Ossuary)
  10 goblins
  3 hobgoblins
  3 quokkas
  2 frilled lizards
  2 goblin zombies (Ossuary)
  A hobgoblin zombie (Ossuary)
  A jackal zombie (Ossuary)
  12 kobolds
  3 rats
  2 rat zombies (D:4)
174 creatures vanquished.

Vanquished Creatures (others)
  26 foxfires (D:4)
26 creatures vanquished.

Grand Total: 200 creatures vanquished

Notes
Turn   | Place    | Note
-------+----------+-------------------------------------------
     0 | D:1      | thirtiethelement the Demonspawn Cinder Acolyte began the
                  | quest for the Orb.
     0 | D:1      | Reached XP level 1. HP: 18/18 MP: 2/2
   332 | D:1      | Gained mutation: Spells you cast may paralyse adjacent
                  | enemies. [demonic ancestry]
   332 | D:1      | Reached XP level 2. HP: 23/24 MP: 3/3
   335 | D:1      | Learned a level 2 spell: Scorch
   885 | D:1      | Found a faded altar of an unknown god.
  1289 | D:2      | Reached XP level 3. HP: 29/29 MP: 1/4
  2053 | D:3      | Gained mutation: You have a pair of small horns on your
                  | head. [demonic ancestry]
  2053 | D:3      | Reached XP level 4. HP: 16/35 MP: 3/6
  2054 | D:3      | Reached skill level 1 in Stealth
  2156 | D:3      | Found Miph's Distillery.
  2164 | D:3      | Bought a potion of curing for 33 gold pieces
  2575 | D:3      | Found Ziashotz's Distillery.
  2583 | D:3      | Bought a potion of lignification for 36 gold pieces
  2717 | D:3      | Noticed Robin
  2738 | D:3      | Killed Robin
  3123 | D:4      | Found Wyinohol's Distillery.
  3135 | D:4      | Gained mutation: A meltable shield of frost defends you.
                  | (SH +4) [demonic ancestry]
  3135 | D:4      | Reached XP level 5. HP: 39/41 MP: 3/8
  3191 | D:4      | Noticed a black bear
  3200 | D:4      | Killed a black bear
  3201 | D:4      | Reached skill level 1 in Short Blades
  3201 | D:4      | Reached skill level 1 in Armour
  3207 | D:4      | Gained mutation: You are partially covered in rugged brown
                  | scales. (AC +1, +3% HP) [demonic ancestry]
  3207 | D:4      | Reached XP level 6. HP: 37/48 MP: 1/10
  3246 | D:4      | Noticed Edmund
  3249 | D:4      | Found an iron altar of Okawaru.
  3263 | D:4      | Killed Edmund
  3485 | D:4      | Found a sand-covered staircase.
  3504 | Ossuary  | Entered an ossuary
  3525 | Ossuary  | Gained mutation: You are mostly covered in rugged brown
                  | scales. (AC +2, +5% HP) [demonic ancestry]
  3525 | Ossuary  | Reached XP level 7. HP: 43/54 MP: 7/11
  3690 | Ossuary  | Reached skill level 1 in Dodging
  4374 | D:5      | Entered Level 5 of the Dungeon
  4422 | D:5      | Noticed Pikel
  4429 | D:5      | Killed Pikel
  4430 | D:5      | Reached XP level 8. HP: 61/61 MP: 9/13
  4490 | D:5      | Reached skill level 5 in Stealth
  4553 | D:5      | Noticed Blork the orc
  4561 | D:5      | Killed Blork the orc
  4785 | D:5      | Found a basalt altar of Yredelemnul.
  4789 | D:5      | Found a broken altar of Ashenzari.
  4791 | D:5      | Found a radiant altar of Vehumet.
  4884 | D:5      | Found an ancient bone altar of Kikubaaqudgha.
  4885 | D:5      | Noticed Eustachio
  4899 | D:5      | Reached skill level 5 in Fire Magic
  4900 | D:5      | Killed Eustachio
  5033 | D:5      | Found a sparkling altar of Nemelex Xobeh.
  5034 | D:5      | Found a shadowy altar of Dithmenos.
  5035 | D:5      | Found an ornate altar of the Wu Jian Council.
  5077 | D:5      | Noticed Prince Ribbit
  5081 | D:5      | Killed Prince Ribbit
  5082 | D:5      | Gained mutation: Spells you cast may paralyse nearby
                  | enemies. [demonic ancestry]
  5082 | D:5      | Reached XP level 9. HP: 59/68 MP: 10/16
  5225 | D:3      | Bought a potion of berserk rage for 55 gold pieces
  5225 | D:3      | Bought a potion of mutation for 88 gold pieces
  5225 | D:3      | Bought a potion of attraction for 33 gold pieces
  5225 | D:3      | Bought a potion of heal wounds for 55 gold pieces
  5583 | D:6      | Reached skill level 5 in Spellcasting
  5610 | D:6      | Found a staircase to the Ecumenical Temple.
  5937 | D:6      | Noticed Jeremiah
  6015 | D:6      | Killed Jeremiah
  6411 | Temple   | Entered the Ecumenical Temple
  6508 | D:7      | Noticed Duvessa
  6508 | D:7      | Noticed Dowan
  6514 | D:7      | Killed Duvessa
  6518 | D:7      | Killed Dowan
  6519 | D:7      | Reached skill level 5 in Short Blades
  7162 | D:7      | Reached XP level 10. HP: 42/74 MP: 9/19
  7897 | D:8      | Learned a level 2 spell: Call Imp
  7899 | D:8      | Learned a level 1 spell: Magic Dart
  7903 | D:8      | Learned a level 3 spell: Mephitic Cloud
  8592 | D:8      | Noticed a two-headed ogre
  8592 | D:8      | Noticed a two-headed ogre
  8621 | D:8      | Slain by a two-headed ogre

Illustrated notes

Levels and vault maps discovered:
D:1:      eino_arrival_druids_welcome, layout_basic,
          shapermc_ecumenical_altar_mp_vishouse
D:2:      layout_loops_ring, grunt_ministairs_1, serial_bayou_pond_d
D:3:      layout_basic, serial_shops, nicolae_shop_gibbet_a_chance, shop,
          uniq_robin
D:4:      nicolae_cairo_tiling_very_big, layout_cave_pools,
          okawaru_ov_weapons_minmay, enter_ossuary_4, serial_shops,
          nicolae_shop_crystal, minmay_checkerbox, uniq_edmund
D:5:      layout_cave_pools, grunt_temple_overflow_open,
          grunt_temple_overflow_diamond, uniq_blork_the_orc, uniq_pikel,
          uniq_prince_ribbit1, uniq_eustachio
D:6:      layout_loops_ring, minmay_temple_entry_wispy, minmay_manual_mail,
          uniq_jeremiah
D:7:      layout_gridville, corexii_leaking_fountain, uniq_duvessa
D:8:      layout_layer_cave, nicolae_phantomly_mirrored
Temple:   nicolae_temple_hex_pool

Skill      XL: |  1  2  3  4  5  6  7  8  9 10 |
---------------+-------------------------------+-----
Fire Magic     | 3 4 5 6 7 |  7.0
Axes           | 3 |  3.2
Stealth        | 1 2 4 5 7 |  7.6
Spellcasting   | 2 3 4 6 |  6.0
Short Blades   | 1 2 3 4 5 |  5.2
Armour         | 1 2 3 |  3.0
Dodging        | 1 |  1.8
Fighting       | |  3.8
Shields        | |  0.6

Action                     |  1- 3 |  4- 6 |  7- 9 | 10-12 || total
---------------------------+-------+-------+-------+-------++-------
  Melee: Hand axe          |    60 |    26 |       |       ||    86
         Punch             |     1 |     1 |       |       ||     2
         Headbutt          |       |    12 |    14 |     1 ||    27
         Dagger            |       |    38 |   127 |    14 ||   179
  Throw: Boomerang         |     2 |       |       |       ||     2
   Cast: Scorch            |    20 |    23 |    98 |    21 ||   162
 Invoke: Fiery Armour      |       |     2 |       |       ||     2
         Foxfire Swarm     |       |       |     2 |       ||     2
    Use: Potion            |       |       |     1 |       ||     1
         Scroll            |       |       |     7 |       ||     7
   Stab: Paralysed         |    11 |    29 |    58 |     6 ||   104
         Sleeping          |     1 |     3 |     3 |       ||     7
 Armour: Robe              |     4 |       |       |       ||     4
         Leather armour    |       |    28 |    29 |     6 ||    63
  Dodge: Dodged            |    46 |    36 |   124 |    19 ||   225
  Block: Other             |       |     6 |    22 |     4 ||    32

Table legend: (Time is in decaauts)
 A = Elapsed time spent in this place.
 B = Non-inter-level travel time spent in this place.
 C = Inter-level travel time spent in this place.
 D = Time resting spent in this place.
 E = Time spent auto-exploring this place.
 F = Levels seen in this place.
 G = Mean time per level.
                   A        B        C        D        E       F      G
               +--------+--------+--------+--------+--------+-----+--------+
         Total |   8602 |   8335 |    267 |    851 |   5848 |  10 |  860.2 |
       Dungeon |   8275 |   8008 |    267 |    712 |   5838 |   8 | 1034.4 |
        Temple |      1 |      1 |      0 |      0 |      0 |   1 |    1.0 |
       Ossuary |    324 |    324 |      0 |    139 |     10 |   1 |  324.0 |
               +--------+--------+--------+--------+--------+-----+--------+

Top non-repeatable levels by time:
     D:3: 1157 daAuts
     D:6: 1148 daAuts
     D:8: 1100 daAuts
     D:1: 1085 daAuts
     D:7: 1070 daAuts
     D:4: 970 daAuts
     D:2: 955 daAuts
     D:5: 788 daAuts
 Ossuary: 324 daAuts
  Temple: 1 daAuts
